 Dungeon Crawl Stone Soup version 0.30.0-29-ga12c61a403 (webtiles) character file.

Game seed: 3414153210746499011

7476 Labrat the Thaumaturge (level 11, -3/79 HPs)
             Began as a Human Conjurer on June 25, 2023.
             Was a Priest of Vehumet.
             Slain by a hornet (9 damage)
             ... on level 9 of the Dungeon.
             The game lasted 00:30:28 (13732 turns).

Labrat the Thaumaturge (Human Conjurer)            Turns: 13732, Time: 00:30:28

Health: -3/79      AC:  9    Str:  7    XL:     11   Next: 37%
Magic:  14/25      EV: 13    Int: 22    God:    Vehumet [***...]
Gold:   522        SH:  0    Dex: 13    Spells: 21/31 levels left

rFire   . . .        F - +4 hand axe (venom)
rCold   . . .        (no shield)
rNeg    . . .        v - +2 robe
rPois   .            e - +2 hood of the Assassin {Detect Stab+ Stlth++}
rElec   .            y - +1 cloak {Will+}
rCorr   .            J - +0 pair of gloves
SInv    .            (no boots)
Will    +....        (no amulet)
Stlth   ++++         (no ring)
HPRegen 0.33/turn    (no ring)
MPRegen 0.19/turn

%: no passive effects
@: slowed, very slow
A: no striking features
a: Renounce Religion


You were on level 9 of the Dungeon.
You worshipped Vehumet.
Vehumet was most pleased with you.
You visited 2 branches of the dungeon, and saw 10 of its levels.
You also visited: Bailey.

You collected 522 gold pieces.

Inventory:

Hand Weapons
 F - a +4 hand axe of venom (weapon)
 H - a +2 whip of electrocution
Missiles
 f - 32 poisoned darts
 N - a curare-tipped dart
Armour
 e - the +2 hood of the Assassin (worn) {Detect Stab+ Stlth++}
   (You found it in a bailey)

   Detect:    It allows the wearer to sense nearby creatures.
   Stab+:     It allows the wearer to make particularly effective stabbing
   attacks against helpless or unaware enemies with any weapon.
   Stlth:     It makes you much more stealthy.
 j - the +0 ring mail of Afitinyth {Str+3 Slay+2}
   (You found it in a bailey)

   Str:       It affects your strength (+3).
   Slay:      It affects your accuracy & damage with ranged weapons and melee
   (+2).
 v - a +2 robe (worn)
 y - a +1 cloak of willpower (worn)
 J - a +0 pair of gloves (worn)
 M - a scarf of repulsion
Wands
 k - a wand of roots (27)
 D - a wand of charming (4)
 E - a wand of digging (3)
Scrolls
 d - 6 scrolls of magic mapping
 g - 3 scrolls of vulnerability
 i - 3 scrolls of fog
 n - a scroll of noise {unknown}
 p - 4 scrolls of fear
 t - a scroll of immolation {unknown}
 w - a scroll of silence
 x - 7 scrolls of teleportation
 B - a scroll of acquirement {unknown}
 C - a scroll of enchant armour {unknown}
 G - 2 scrolls of brand weapon
 I - a scroll of amnesia {unknown}
 L - a scroll of poison {unknown}
 O - 2 scrolls of blinking
 P - 2 scrolls of enchant weapon {unknown}
Potions
 b - 4 potions of magic
 c - 2 potions of brilliance {unknown}
 h - a potion of might {unknown}
 l - 2 potions of heal wounds {unknown}
 m - 2 potions of attraction {unknown}
 o - a potion of ambrosia {unknown}
 q - 2 potions of mutation {unknown}
 r - a potion of lignification {unknown}
 s - 2 potions of curing
 u - a potion of resistance {unknown}
 z - a potion of flight {unknown}
 A - a potion of cancellation {unknown}
 K - a potion of invisibility {unknown}
Miscellaneous
 a - a box of beasts


   Skills:
 - Level 5.0 Fighting
 - Level 5.0 Armour
 - Level 5.0 Dodging
 - Level 2.0 Stealth
 + Level 10.6 Spellcasting
 - Level 8.0 Conjurations
 - Level 3.0 Translocations
 - Level 5.0 Earth Magic


You had 21 spell levels left.
You knew the following spells:

 Your Spells              Type           Power      Damage    Failure   Level
a - Magic Dart            Conj           100%       1d8       1%          1
b - Searing Ray           Conj           92%        2d7       1%          2
c - Stone Arrow           Conj/Erth      80%        3d12      1%          3
d - Iskenderun's Mystic   Conj/Tloc      35%        2d8       1%          4

Your spell library contained the following spells:

 Spells                   Type           Power      Damage    Failure   Level
 Volatile Blastmotes      Fire/Tloc      36%        2d13      2%          3
 Dazzling Flash           Conj/Hex       58%        N/A       1%          3
 Passwall                 Tmut/Erth      18%        N/A       3%          2
 Fulminant Prism          Conj/Hex       14%        3d9       3%          4
 Ensorcelled Hibernation  Hex/Ice        22%        N/A       9%          2
 Portal Projectile        Hex/Tloc       36%        N/A       10%         3
 Swiftness                Air            11%        N/A       17%         3
 Tukima's Dance           Hex            11%        N/A       17%         3
 Animate Armour           Summ/Erth      44%        N/A       21%         4
 Blade Hands              Tmut           5%         N/A       85%         5
 Lehudib's Crystal Spear  Conj/Erth      20%        10d6      99%         8


Dungeon Overview and Level Annotations

Branches:
Dungeon (9/15)             Temple (1/1) D:6             Orc (0/2) D:9
 Bailey (visited)
   Lair: D:8-11

Altars:
Ashenzari
Cheibriados
Dithmenos
Elyvilon
Fedhas
Gozag
Hepliaklqana
Kikubaaqudgha
Makhleb
Nemelex Xobeh
Okawaru
Qazlal
Ru
Sif Muna
Trog
Uskayaw
Vehumet
Wu Jian
Xom
Yredelemnul
Zin
The Shining One

Shops:
D:1 [   D:8 *:


Message History

You feel as though you will be slow longer.
The orc wizard closely misses you. The hornet misses you.
The orc wizard hits you but does no damage.
Casting: Iskenderun's Mystic Blast (dangerous; 1% risk of failure)
Confirm with . or Enter, or press ? or * to list all spells.
You erupt in a blast of force!
The mystic blast hits the orc wizard!
The orc wizard is heavily wounded.
The orc wizard is knocked back by the mystic blast.
The mystic blast hits the orc priest!
You kill the orc priest!
Vehumet accepts your kill.
You feel your power returning.
The mystic blast hits the hornet but does no damage.
The hornet is heavily wounded.
The hornet stings you but does no damage. x2
Unknown command.
Unknown command.
Casting: Iskenderun's Mystic Blast (dangerous; 1% risk of failure)
Confirm with . or Enter, or press ? or * to list all spells.
You erupt in a blast of force!
The mystic blast hits the orc wizard!
You kill the orc wizard!
Vehumet accepts your kill.
You feel your power returning.
The mystic blast hits the hornet.
The hornet is severely wounded.
The hornet is knocked back by the mystic blast.
The hornet slams into the rock wall!
The hornet is severely wounded.
The hornet stings you!
* * * LOW HITPOINT WARNING * * *
You feel as though you will be slow longer.
The hornet stings you.
* * * LOW HITPOINT WARNING * * *
You are lethally poisoned!
You feel as though you will be slow longer.
Unknown command.
You feel better. The hornet stings you.
* * * LOW HITPOINT WARNING * * *
You feel as though you will be slow longer.
The hornet stings you!
You die...

...........##..#......####...##.{
#.#........###.#..##........## #
...........##.##.##########)#
#.............#...##......†.##
...........####.......####...##
#.........#####....8÷##..##.8.#
..........#..#>.))...÷)[..'...#
.............##(.).8÷##..##.8.#
..............#.@.)...####...##..
.....##...#...#y.)##........##...
#.....#....##.##)##########+# ...
.............}.#..##........##...
.....[.........#......####...##..
.............>.##....##..##......
.....[..........#........).......
................##...##..##).....
....>........#...##...####...##..


You could see a hornet (poisoned).

Vanquished Creatures
  2 two-headed ogres
  Pikel (D:6)
  A gargoyle (Bailey)
  A troll (D:9)
  A hornet (D:7)
  Grinder (D:3)
  Sigmund (D:4)
  A wyvern (D:8)
  A vampire (Bailey)
  A wraith (D:5)
  A yak (D:9)
  3 wargs (D:9)
  An ice beast (D:5)
  3 orc warriors
  The ghost of keni the Chopper, an amateur GnCA of Ignis (D:3)
  An ogre (D:4)
  3 centaurs
  3 lemures (D:6)
  2 kobold brigands
  Blork the orc (D:6)
  3 bullfrogs
  A gnoll sergeant (D:7)
  4 scorpions
  3 howler monkeys (D:7)
  3 jellies
  8 vampire bats (Bailey)
  5 wolf zombies (Bailey)
  An electric eel (D:8)
  5 hounds
  3 sleepcaps
  A gnoll bouda (D:6)
  Crazy Yiuf (D:2)
  9 orc priests
  6 iguanas
  18 orc wizards
  11 gnolls
  11 adders
  A shadow imp (D:7)
  An ufetubus (D:7)
  3 worms
  3 dart slugs
  37 orcs
  6 bats
  7 endoplasms
  5 giant cockroaches
  10 goblins
  5 hobgoblins
  4 jackals (D:2)
  14 kobolds
  6 quokkas
  9 ball pythons
  5 frilled lizards
  19 orc zombies (Bailey)
  3 rats (D:1)
  A spectral orc (D:6)
262 creatures vanquished.

Notes
Turn   | Place    | Note
-------+----------+-------------------------------------------
     0 | D:1      | Labrat the Human Conjurer began the quest for the Orb.
     0 | D:1      | Reached XP level 1. HP: 13/13 MP: 3/3
   335 | D:1      | Reached XP level 2. HP: 19/19 MP: 3/5
   944 | D:1      | Reached XP level 3. HP: 24/24 MP: 2/6
  1079 | D:1      | Found Cuwn's Armour Boutique.
  1454 | D:2      | Learned a level 2 spell: Searing Ray
  1591 | D:2      | Found a runed translucent door.
  1592 | D:2      | Noticed Crazy Yiuf
  1753 | D:2      | Reached XP level 4. HP: 30/30 MP: 6/8
  1943 | D:2      | Reached skill level 3 in Spellcasting
  2480 | D:2      | Found a faded altar of an unknown god.
  2949 | D:3      | Reached skill level 5 in Conjurations
  2949 | D:3      | Reached XP level 5. HP: 35/35 MP: 4/10
  3222 | D:3      | Noticed Grinder
  3257 | D:3      | Reached skill level 4 in Spellcasting
  3257 | D:3      | Reached XP level 6. HP: 41/41 MP: 8/12
  3374 | D:3      | Found a runed translucent gate.
  3376 | D:3      | Found a runed translucent gate.
  3377 | D:3      | Found a runed translucent gate.
  3377 | D:3      | Noticed keni's ghost (amateur GnCA)
  4150 | D:4      | Noticed Sigmund
  4308 | D:4      | Learned a level 3 spell: Stone Arrow
  4393 | D:4      | Noticed an ogre
  4499 | D:4      | Killed an ogre
  4500 | D:4      | Reached XP level 7. HP: 46/46 MP: 6/14
  4528 | D:4      | Killed Sigmund
  4529 | D:4      | Reached skill level 5 in Spellcasting
  5052 | D:5      | Entered Level 5 of the Dungeon
  5478 | D:5      | Reached XP level 8. HP: 32/52 MP: 10/16
  5611 | D:5      | Noticed a wraith
  5709 | D:5      | Reached skill level 6 in Spellcasting
  6157 | D:5      | You fall into a shaft and drop 1 floor!
  6320 | D:2      | Killed Crazy Yiuf
  6441 | D:3      | Killed Grinder
  6756 | D:5      | Reached skill level 7 in Spellcasting
  6824 | D:5      | Found a glowing silver altar of Zin.
  6907 | D:5      | Found a snail-covered altar of Cheibriados.
  7382 | D:5      | Killed a wraith
  7383 | D:5      | Reached XP level 9. HP: 57/57 MP: 1/20
  7545 | D:5      | Learned a level 4 spell: Iskenderun's Mystic Blast
  7576 | D:6      | Noticed Blork the orc
  7635 | D:6      | Reached skill level 8 in Spellcasting
  7636 | D:6      | Reached skill level 1 in Earth Magic
  7853 | D:6      | Found a basalt altar of Yredelemnul.
  7900 | D:6      | Found a staircase to the Ecumenical Temple.
  7974 | D:6      | Reached skill level 1 in Translocations
  8050 | Temple   | Entered the Ecumenical Temple
  8252 | Temple   | Became a worshipper of Vehumet
  8649 | D:6      | Killed Blork the orc
  8774 | D:6      | Noticed Pikel
  8780 | D:6      | Killed Pikel
  8926 | D:6      | Noticed a two-headed ogre
  8962 | D:6      | Killed a two-headed ogre
  8963 | D:6      | Reached skill level 5 in Earth Magic
  8963 | D:6      | Reached XP level 10. HP: 46/73 MP: 3/22
  9413 | D:3      | Killed keni's ghost
  9414 | D:3      | Reached skill level 5 in Fighting
  9606 | D:7      | Reached skill level 1 in Armour
  9692 | D:7      | Found a flagged portal.
  9760 | Bailey   | Entered a bailey
  9826 | Bailey   | Reached * piety under Vehumet
  9826 | Bailey   | Offered knowledge of Kiss of Death by Vehumet.
 10348 | Bailey   | Found the +2 hood of the Assassin {Detect Stab+ Stlth++}
 10459 | Bailey   | Noticed a gargoyle
 10467 | Bailey   | Killed a gargoyle
 10793 | Bailey   | Reached ** piety under Vehumet
 10799 | Bailey   | Identified the +0 ring mail of Afitinyth {Str+3 Slay+2}
 10957 | D:7      | Offered knowledge of Sandblast by Vehumet.
 10993 | D:7      | Reached skill level 5 in Dodging
 11240 | D:7      | Reached skill level 5 in Armour
 11657 | D:8      | Found a broken altar of Ashenzari.
 11683 | D:8      | Found Ficaas's Assorted Antiques.
 11758 | D:8      | Found Yti Uriph's Tiny Tomes.
 11769 | D:8      | Found a sparkling altar of Nemelex Xobeh.
 12046 | D:8      | Found a white marble altar of Elyvilon.
 12047 | D:8      | Found a sacrificial altar of Ru.
 12158 | D:8      | Reached XP level 11. HP: 75/79 MP: 23/23
 12647 | D:9      | Reached skill level 9 in Spellcasting
 12653 | D:9      | Offered knowledge of Volatile Blastmotes by Vehumet.
 12868 | D:9      | Noticed a two-headed ogre
 12874 | D:9      | Killed a two-headed ogre
 13018 | D:9      | Reached *** piety under Vehumet
 13032 | D:9      | Reached skill level 10 in Spellcasting
 13380 | D:9      | Found a staircase to the Orcish Mines.
 13731 | D:9      | HP: 1/79 [hornet (5)]
 13732 | D:9      | Slain by a hornet

Illustrated notes

Levels and vault maps discovered:
D:1:      kilobyte_arrival_exit_the_forest, layout_basic, serial_shops,
          nicolae_shop_just_a_little_nook
D:2:      minmay_alternating_diamond, layout_loops_ring,
          chequers_ecumenical_altar_grove, minmay_distorted,
          uniq_crazy_yiuf_cottage
D:3:      cheibrodos_pilgrimage, layout_loops_ring, gammafunk_ghost_split,
          uniq_grinder
D:4:      layout_layer_cave, uniq_sigmund
D:5:      layout_basic, jmf_multi_god_temple, serial_park_tiny_2,
          minmay_misc_feat_ornament
D:6:      layout_basic, yredelemnul_forgotten_temple_becter,
          minmay_temple_entry_junction_2, minmay_microvault, uniq_blork_the_orc,
          uniq_pikel
D:7:      layout_basic, enter_bailey_7
D:8:      layout_loops_ring, nicolae_overflow_hidden_temple, serial_shops,
          nicolae_shop_statue_plus, nicolae_shop_i_like_small_books_too,
          minmay_misc_feat_hallway, nrook_pool_corridor
D:9:      layout_cave_pools, david_orc_1_choice, minivault_23
Temple:   bh_familiar_temple

Skill      XL: |  1  2  3  4  5  6  7  8  9 10 11 |
---------------+----------------------------------+-----
Spellcasting   | 3 4 5 7 8 10 | 10.6
Conjurations   | 5 6 7 8 |  8.0
Earth Magic    | 5 |  5.0
Translocations | 3 |  3.0
Fighting       | 4 5 |  5.0
Armour         | 5 |  5.0
Dodging        | 5 |  5.0
Stealth        | |  2.0

Action                     |  1- 3 |  4- 6 |  7- 9 | 10-12 || total
---------------------------+-------+-------+-------+-------++-------
  Melee: Unarmed           |     5 |     1 |       |       ||     6
         Mace              |       |       |    69 |       ||    69
         Whip              |       |       |     3 |    34 ||    37
         Hand axe          |       |       |       |    91 ||    91
         Punch             |       |       |       |     1 ||     1
   Cast: Magic Dart        |    69 |    88 |   119 |    85 ||   361
         Searing Ray       |       |    11 |    22 |    26 ||    59
         Stone Arrow       |       |       |    26 |    49 ||    75
         Iskenderun's Myst |       |       |       |    11 ||    11
    Use: Scroll            |       |       |       |     8 ||     8
         Potion            |       |       |       |     2 ||     2
   Stab: Sleeping          |       |       |       |     1 ||     1
         Distracted        |       |       |       |     1 ||     1
 Armour: Robe              |     4 |     2 |    22 |    98 ||   126
  Dodge: Dodged            |     9 |    13 |    84 |   165 ||   271
